 Dungeon Crawl Stone Soup version 0.19.4-25-g1b72edd (webtiles) character file.

945 sveltemanboy the Slasher (level 8, 0/60 HPs)
             Began as a Vine Stalker Hunter on Feb 28, 2017.
             Slain by a troll (9 damage)
             ... on level 5 of the Dungeon.
             The game lasted 00:14:18 (4971 turns).

sveltemanboy the Slasher (Vine Stalker Hunter)      Turns: 4971, Time: 00:14:19

Health: 0/60       AC: 24    Str: 15    XL:     8   Next: 13%
Magic:  0/11       EV:  2    Int: 13    God:
Gold:   226        SH:  0    Dex: 15    Spells: 0 memorised, 7 levels left

rFire  . . .     SeeInvis .     b - +0 short sword (speed)
rCold  . . .     Gourm    .     (armour currently unavailable)
rNeg   + + +     Faith    .     (no shield)
rPois  +         Spirit   +     (helmet currently unavailable)
rElec  .         Reflect  .     (cloak currently unavailable)
rCorr  .         Harm     .     (gloves currently unavailable)
MR     ++...     Clarity  +     (boots currently unavailable)
Stlth  ++........ NoTele   +    (no amulet)
                                (no ring)
                                (no ring)

@: tree-form (expiring)
A: (fangs 0), clarity, magic resistance 1, regeneration 1, magic shield,
(antimagic bite), no device heal 3, rot immunity, MP-powered wands
a: no special abilities


You were on level 5 of the Dungeon.
You were not hungry.
You were a tree.
You visited 1 branch of the dungeon, and saw 5 of its levels.

You collected 275 gold pieces.
You spent 49 gold pieces at shops.

Inventory:

Hand Weapons
 a - a +2 hand crossbow
 b - a +0 short sword of speed (weapon)
 s - a +0 long sword
Armour
 m - a +2 ring mail of poison resistance (melded)
 p - a +0 pair of boots (melded)
 z - a +1 cloak (melded)
Wands
 u - a wand of acid (0/15)
 x - a wand of digging (11/24)
Scrolls
 j - a scroll of teleportation
 n - 3 scrolls of remove curse
 C - a scroll of enchant armour
Potions
 c - a potion of invisibility
 e - 4 potions of curing
 h - 2 potions of lignification
 k - 2 potions of agility {unknown}
 r - a potion of flight
 w - a potion of resistance
Books
 t - a book of Minor Magic

   Spells                             Type                      Level
   a - Magic Dart                     Conjuration                  1
   b - Blink                          Translocation                2
   c - Call Imp                       Summoning                    2
   d - Repel Missiles                 Charms/Air                   2
   e - Slow                           Hexes                        2
   f - Conjure Flame                  Conjuration/Fire             3
   g - Mephitic Cloud                 Conjuration/Poison/Air       3
Comestibles
 f - 3 bread rations
 g - 3 beef jerkies
 i - 2 slices of pizza
 l - 3 chunks of flesh
 A - a royal jelly


   Skills:
 - Level 3.0 Fighting
 * Level 5.0 Long Blades
 - Level 4.0 Crossbows
 - Level 3.0 Armour
 - Level 3.0 Dodging
 - Level 1.2 Stealth
 + Level 3.0 Evocations


You had 7 spell levels left.
You didn't know any spells.

Dungeon Overview and Level Annotations

Branches:
Dungeon (5/15)
 Temple: D:4-7

Altars:
Fedhas
Kikubaaqudgha
Makhleb
Xom
Yredelemnul
Zin
The Shining One

Shops:
D:4 [


Innate Abilities, Weirdness & Mutations

((You have razor-sharp teeth.))
Your natural rate of healing is unusually fast.
When hurt, damage is shared between your health and your magic reserves.
((Your bite disrupts and absorbs the magic of your enemies.))
Potions and wands cannot restore your health.
You are immune to rotting.
You possess an exceptional clarity of mind.
You are resistant to hostile enchantments. (MR+)
You expend magic power (3 MP) to strengthen your wands.


Message History

You are too injured to fight recklessly!
You are too injured to fight recklessly!
You are too injured to fight recklessly!
You closely miss the troll.
The troll is moderately wounded.
You hit the troll.
The troll is moderately wounded.
The troll bites you but does no damage. The troll claws you!
* * * LOW HITPOINT WARNING * * *
The troll claws you.
* * * LOW HITPOINT WARNING * * *
You hit the troll.
The troll is moderately wounded.
The troll bites you but does no damage.
The troll claws you but does no damage. x2
You barely miss the troll.
The troll is moderately wounded.
You hit the troll but do no damage.
The troll is moderately wounded.
The troll bites you!
You die...

# #................## ##
#..(..............## # #
#..................## # ###
##.....<............## ### ..#
#....................###.. #..#
#.........................
#...##........................##
#............................##
#............♣T.....(........# #
........>...##...............
####..............##.............
..#........$.....(((.()..........
.........#..##...##.#............
..........?# ##..)._.............
....... ... ##..#.#...†........
....... .. #.................
....... ..................#


You could see a troll.

Vanquished Creatures
  3 ogres
  2 scorpions
  A crimson imp (D:5)
  A bullfrog zombie (D:3)
  A centaur skeleton (D:5)
  An orc priest (D:4)
  An iguana (D:5)
  2 hell rats (D:5)
  4 worker ants
  A hound skeleton (D:5)
  2 worker ant zombies (D:5)
  A gnoll (D:1)
  9 adders
  8 river rats (D:5)
  An ooze (D:2)
  4 worms
  2 dart slugs
  4 leopard geckos
  6 orcs
  2 giant cockroaches
  5 goblins
  3 hobgoblins
  2 jackals (D:2)
  4 quokkas
  2 ball pythons
  9 bats
  4 frilled lizards
  6 kobolds
  A quokka skeleton (D:5)
  16 rats
108 creatures vanquished.

Notes
Turn   | Place    | Note
-------+----------+-------------------------------------------
     0 | D:1      | sveltemanboy the Vine Stalker Hunter began the quest for the Orb.
     0 | D:1      | Reached XP level 1. HP: 11/11 MP: 2/2
   336 | D:1      | Reached XP level 2. HP: 15/15 MP: 3/3
   979 | D:2      | Reached skill level 1 in Armour
  1248 | D:2      | Reached XP level 3. HP: 18/18 MP: 4/4
  1447 | D:2      | Found a blossoming altar of Fedhas.
  1572 | D:2      | Gained mutation: Your natural rate of healing is unusually fast. [Vine Stalker growth]
  1572 | D:2      | Reached XP level 4. HP: 15/23 MP: 5/5
  2255 | D:3      | Found a glowing golden altar of the Shining One.
  2258 | D:3      | Found a glowing silver altar of Zin.
  2261 | D:3      | Found a basalt altar of Yredelemnul.
  2264 | D:3      | Found a burning altar of Makhleb.
  2277 | D:3      | Reached XP level 5. HP: 28/28 MP: 6/6
  2403 | D:3      | Found an ancient bone altar of Kikubaaqudgha.
  3034 | D:4      | Reached skill level 1 in Long Blades
  3034 | D:4      | Reached XP level 6. HP: 24/32 MP: 5/7
  3146 | D:4      | Reached skill level 2 in Long Blades
  3340 | D:4      | Found Doxkirebb's Armour Emporium.
  3355 | D:4      | Bought a +0 cloak for 49 gold pieces
  3577 | D:5      | Entered Level 5 of the Dungeon
  3642 | D:5      | Reached skill level 3 in Long Blades
  3642 | D:5      | Reached skill level 1 in Evocations
  3642 | D:5      | Reached XP level 7. HP: 36/36 MP: 8/8
  3831 | D:5      | Noticed a troll
  3861 | D:5      | Gained mutation: You are resistant to hostile enchantments. (MR+) [potion of mutation]
  3861 | D:5      | Gained mutation: You expend magic power (3 MP) to strengthen your wands. [potion of mutation]
  3861 | D:5      | Gained mutation: You possess an exceptional clarity of mind. [potion of mutation]
  4147 | D:5      | Reached skill level 4 in Long Blades
  4760 | D:5      | Gained mutation: You have razor-sharp teeth. [Vine Stalker growth]
  4760 | D:5      | Reached XP level 8. HP: 40/40 MP: 9/11
  4765 | D:5      | Found a shimmering altar of Xom.
  4802 | D:5      | Reached skill level 5 in Long Blades
  4971 | D:5      | Slain by a troll

Skill      XL: |  1  2  3  4  5  6  7  8 |
---------------+-------------------------+-----
Fighting       | 2 3 |  3.0
Armour         | 1 2 3 |  3.0
Dodging        | 2 3 |  3.0
Crossbows      | 4 |  4.0
Long Blades    | 1 3 4 5 |  5.0
Evocations     | 1 2 3 |  3.0
Stealth        | |  1.2

Action                   |  1- 3 |  4- 6 |  7- 9 || total
-------------------------+-------+-------+-------++-------
Melee: Short sword       |    70 |   103 |   157 ||   330
       Bite              |    18 |    35 |    46 ||    99
 Fire: Hand crossbow     |    30 |    66 |    91 ||   187
Evoke: Wand              |       |     2 |     1 ||     3
  Use: Scroll            |       |       |    15 ||    15
       Potion            |       |       |     2 ||     2
 Stab: Sleeping          |     1 |       |       ||     1
  Eat: Chunk             |     2 |     5 |     4 ||    11
       Pizza             |       |     1 |       ||     1
Armor: Leather armour    |     3 |       |       ||     3
       Scale mail        |    23 |       |       ||    23
       Ring mail         |    21 |    35 |    41 ||    97
       Skin              |       |       |    70 ||    70
Dodge: Dodged            |    69 |    50 |    88 ||   207
